TOP OF THE 1ST |
Rome Braves batting - Pitching for West Virginia Black Bears : RHP Nick Lockwood
|
Pitching: RHP Nick Lockwood
|
|
Batting: LHB Robby Dann
|
0-0: Ball 1-0: Fly out, F7 (Flyball, 78D, EV 75.6 MPH)
|
Batting: LHB Joe Phillips
|
0-0: Foul Ball, location: 2F 0-1: Ball 1-1: Called Strike 1-2: Ground out 4-3 (Groundball, 4MD, EV 83.1 MPH)
|
Batting: RHB Hisayuki Akiyama
|
0-0: Called Strike 0-1: Ball 1-1: Called Strike 1-2: Ball 2-2: Foul Ball, location: 2F 2-2: Foul Ball, location: 2F 2-2: Foul Ball, location: 2F 2-2: Fly out, F8 (Flyball, 8LS, EV 80.0 MPH)
|
Top of the 1st over - 0 runs, 0 hits, 0 errors, 0 left on base; Rome 0 - West Virginia 0 |
BOTTOM OF THE 1ST |
West Virginia Black Bears batting - Pitching for Rome Braves : RHP Ian Breaux
|
Pitching: RHP Ian Breaux
|
|
Batting: LHB Joe Hoover
|
0-0: Foul Ball, location: 2F 0-1: SINGLE (Groundball, 34D, EV 98.8 MPH)
|
Batting: LHB Gregg Kellerman
|
0-0: Called Strike Joe Hoover steals 2nd base 0-1: Foul Ball, location: 2F 0-2: Strikes out swinging
|
Batting: RHB Jose Almonte
|
0-0: Called Strike 0-1: Called Strike 0-2: Ball 1-2: Ball 2-2: Ground out 4-3 (Groundball, 4, EV 88.1 MPH) Joe Hoover to third
|
Batting: RHB Zach Chmieleski
|
0-0: Ball 1-0: Ground out 5-3 (Groundball, 56, EV 85.6 MPH)
|
Bottom of the 1st over - 0 runs, 1 hit, 0 errors, 1 left on base; Rome 0 - West Virginia 0 |
TOP OF THE 2ND |
Rome Braves batting - Pitching for West Virginia Black Bears : RHP Nick Lockwood
|
Batting: RHB Jose Ramos
|
0-0: Ball 1-0: Ball 2-0: Called Strike 2-1: Fly out, F8 (Line Drive, 8RM, EV 103.8 MPH)
|
Batting: LHB Mike Tenorio
|
0-0: Called Strike 0-1: Swinging Strike 0-2: Ball 1-2: Foul Ball, location: 2F 1-2: Ball 2-2: Strikes out swinging
|
Batting: LHB Javier Rubio
|
0-0: Ball 1-0: Foul Ball, location: 2F 1-1: Ball 2-1: Fly out, F8 (Flyball, 8RM, EV 90.0 MPH)
|
Top of the 2nd over - 0 runs, 0 hits, 0 errors, 0 left on base; Rome 0 - West Virginia 0 |
BOTTOM OF THE 2ND |
West Virginia Black Bears batting - Pitching for Rome Braves : RHP Ian Breaux
|
Batting: LHB Brandon Sarni
|
0-0: SINGLE (Line Drive, 78S, EV 103.1 MPH)
|
Batting: RHB Freddy Quintero
|
0-0: Called Strike 0-1: Foul Ball, location: 2F 0-2: Grounds into double play, 6-4-3 (Groundball, 6, EV 83.1 MPH)
|
Batting: SHB Mike Corley
|
0-0: Called Strike 0-1: Foul Ball, location: 2F 0-2: Ball 1-2: Ball 2-2: Strikes out swinging
|
Bottom of the 2nd over - 0 runs, 1 hit, 0 errors, 0 left on base; Rome 0 - West Virginia 0 |
TOP OF THE 3RD |
Rome Braves batting - Pitching for West Virginia Black Bears : RHP Nick Lockwood
|
Batting: SHB Jordan Barragan
|
0-0: Foul Ball, location: 2F 0-1: Called Strike 0-2: Foul Ball, location: 2F 0-2: Strikes out swinging
|
Batting: RHB Andy Cunningham
|
0-0: Called Strike 0-1: Ball 1-1: Called Strike 1-2: Strikes out swinging
|
Batting: LHB Malik Boulay
|
0-0: Ball 1-0: Ball 2-0: Called Strike 2-1: Ground out 4-3 (Groundball, 4, EV 85.0 MPH)
|
Top of the 3rd over - 0 runs, 0 hits, 0 errors, 0 left on base; Rome 0 - West Virginia 0 |
BOTTOM OF THE 3RD |
West Virginia Black Bears batting - Pitching for Rome Braves : RHP Ian Breaux
|
Batting: RHB Richard Barrios
|
0-0: Called Strike 0-1: Swinging Strike 0-2: TRIPLE (Flyball, 9LD, EV 93.1 MPH)
|
Batting: RHB Rick Pittman
|
0-0: Ball 1-0: Called Strike 1-1: Ball 2-1: Ball 3-1: Called Strike 3-2: Base on Balls
|
Batting: LHB Joe Hoover
|
0-0: Called Strike 0-1: Swinging Strike 0-2: Foul Ball, location: 2F 0-2: Foul Ball, location: 2F 0-2: Strikes out looking
|
Batting: LHB Gregg Kellerman
|
0-0: Fielders Choice at 2nd, 4-6 (Groundball, 4, EV 99.4 MPH) Richard Barrios scores
|
Batting: RHB Jose Almonte
|
0-0: Ball 1-0: Fly out, F3 (Line Drive, 3, EV 69.4 MPH)
|
Bottom of the 3rd over - 1 run, 1 hit, 0 errors, 1 left on base; Rome 0 - West Virginia 1 |
TOP OF THE 4TH |
Rome Braves batting - Pitching for West Virginia Black Bears : RHP Nick Lockwood
|
Batting: LHB Robby Dann
|
0-0: Called Strike 0-1: Fly out, F7 (Flyball, 7LS, EV 94.4 MPH)
|
Batting: LHB Joe Phillips
|
0-0: Ball 1-0: Fly out, F6 (Line Drive, 6, EV 64.4 MPH)
|
Batting: RHB Hisayuki Akiyama
|
0-0: Foul Ball, location: 2F 0-1: Ground out 6-3 (Groundball, 6, EV 93.1 MPH)
|
Top of the 4th over - 0 runs, 0 hits, 0 errors, 0 left on base; Rome 0 - West Virginia 1 |
BOTTOM OF THE 4TH |
West Virginia Black Bears batting - Pitching for Rome Braves : RHP Ian Breaux
|
Batting: RHB Zach Chmieleski
|
0-0: Ball 1-0: Ground out 6-3 (Groundball, 56, EV 105.0 MPH)
|
Batting: LHB Brandon Sarni
|
0-0: Ball 1-0: Called Strike 1-1: Ball 2-1: Foul Ball, location: 2F 2-2: Foul Ball, location: 2F 2-2: Ball 3-2: Strikes out looking
|
Batting: RHB Freddy Quintero
|
0-0: Called Strike 0-1: Ball 1-1: Ball 2-1: Ball 3-1: Base on Balls
|
Batting: SHB Mike Corley
|
0-0: SINGLE (Line Drive, 6D, EV 111.2 MPH) Freddy Quintero to second
|
Batting: RHB Richard Barrios
|
0-0: Ball 1-0: Foul Ball, location: 2F 1-1: Swinging Strike 1-2: Ball 2-2: Foul Ball, location: 2F 2-2: Ball 3-2: Base on Balls Freddy Quintero to third Mike Corley to second
|
Batting: RHB Rick Pittman
|
0-0: Swinging Strike 0-1: Ball 1-1: Ball 2-1: Foul Ball, location: 2F Balk! Freddy Quintero scores Mike Corley to third Richard Barrios to second 2-2: Foul Ball, location: 2F 2-2: Foul Ball, location: 2F 2-2: Ball 3-2: Ground out 4-3 (Groundball, 4S, EV 64.4 MPH)
|
Bottom of the 4th over - 1 run, 1 hit, 0 errors, 2 left on base; Rome 0 - West Virginia 2 |
TOP OF THE 5TH |
Rome Braves batting - Pitching for West Virginia Black Bears : RHP Nick Lockwood
|
Batting: RHB Jose Ramos
|
0-0: Foul Ball, location: 2F 0-1: Called Strike 0-2: Foul Ball, location: 2F 0-2: Ball 1-2: Foul Ball, location: 2F 1-2: Ground out 6-3 (Groundball, 6MS, EV 85.0 MPH)
|
Batting: LHB Mike Tenorio
|
0-0: Called Strike 0-1: Swinging Strike 0-2: Strikes out swinging
|
Pitching: RHP Frank Morris
|
|
Batting: LHB Javier Rubio
|
0-0: Ball 1-0: Swinging Strike 1-1: Called Strike 1-2: Strikes out looking
|
Top of the 5th over - 0 runs, 0 hits, 0 errors, 0 left on base; Rome 0 - West Virginia 2 |
BOTTOM OF THE 5TH |
West Virginia Black Bears batting - Pitching for Rome Braves : RHP Ian Breaux
|
Batting: LHB Joe Hoover
|
0-0: Ball 1-0: Ball 2-0: Called Strike 2-1: Ball 3-1: Called Strike 3-2: Strikes out looking
|
Batting: LHB Gregg Kellerman
|
0-0: Ball 1-0: Foul Ball, location: 2F 1-1: Ground out 4-3 (Groundball, 4, EV 87.5 MPH)
|
Batting: RHB Jose Almonte
|
0-0: Called Strike 0-1: SINGLE (Groundball, 4MS, EV 64.4 MPH) (infield hit)
|
Batting: RHB Zach Chmieleski
|
0-0: Foul Ball, location: 2F 0-1: Ball 1-1: Ball 2-1: Called Strike 2-2: Ball 3-2: Base on Balls Jose Almonte to second
|
Batting: LHB Brandon Sarni
|
0-0: Called Strike 0-1: Swinging Strike 0-2: Ball 1-2: Foul Ball, location: 2F 1-2: Ball 2-2: Ball 3-2: Base on Balls Jose Almonte to third Zach Chmieleski to second
|
Batting: RHB Freddy Quintero
|
0-0: Called Strike 0-1: Ground out 3-1 (Groundball, 34, EV 108.8 MPH)
|
Bottom of the 5th over - 0 runs, 1 hit, 0 errors, 3 left on base; Rome 0 - West Virginia 2 |
TOP OF THE 6TH |
Rome Braves batting - Pitching for West Virginia Black Bears : RHP Frank Morris
|
Batting: SHB Jordan Barragan
|
0-0: Ball 1-0: Ball 2-0: Ball 3-0: Called Strike 3-1: Base on Balls
|
Batting: RHB Andy Cunningham
|
0-0: Ball Jordan Barragan steals 2nd base 1-0: Called Strike Jordan Barragan steals 3rd base 1-1: Foul Ball, location: 2F 1-2: Ball 2-2: Strikes out swinging
|
Batting: LHB Malik Boulay
|
0-0: Called Strike 0-1: Swinging Strike 0-2: Ground out 6-3 (Groundball, 6MS, EV 70.6 MPH)
|
Batting: LHB Robby Dann
|
0-0: Ball 1-0: Ball 2-0: Ground out U3 (Groundball, 3, EV 107.5 MPH)
|
Top of the 6th over - 0 runs, 0 hits, 0 errors, 1 left on base; Rome 0 - West Virginia 2 |
BOTTOM OF THE 6TH |
West Virginia Black Bears batting - Pitching for Rome Braves : RHP Ian Breaux
|
Batting: SHB Mike Corley
|
0-0: Called Strike 0-1: Foul Ball, location: 2F 0-2: Ball 1-2: Foul Ball, location: 2F 1-2: Strikes out swinging
|
Pitching: LHP Justin Hawk
|
|
Batting: RHB Richard Barrios
|
0-0: Called Strike 0-1: Foul Ball, location: 2F 0-2: Ball 1-2: Ball 2-2: Foul Ball, location: 2F 2-2: Strikes out swinging
|
Batting: RHB Rick Pittman
|
0-0: Swinging Strike 0-1: Ball 1-1: Foul Ball, location: 2F 1-2: Strikes out swinging
|
Bottom of the 6th over - 0 runs, 0 hits, 0 errors, 0 left on base; Rome 0 - West Virginia 2 |
TOP OF THE 7TH |
Rome Braves batting - Pitching for West Virginia Black Bears : RHP Frank Morris
|
Pitching: RHP Sakio Miyamoto
|
|
Batting: LHB Joe Phillips
|
0-0: Ball 1-0: Ball 2-0: Ground out 6-3 (Groundball, 56, EV 101.2 MPH)
|
Batting: RHB Hisayuki Akiyama
|
0-0: Called Strike 0-1: Foul Ball, location: 2F 0-2: Ball 1-2: Ball 2-2: Ball 3-2: Base on Balls
|
Batting: RHB Jose Ramos
|
0-0: Called Strike 0-1: Ball Hisayuki Akiyama steals 2nd base 1-1: Called Strike 1-2: Strikes out swinging
|
Batting: LHB Mike Tenorio
|
0-0: Ball 1-0: Ball 2-0: Foul Ball, location: 2F 2-1: Foul Ball, location: 2F 2-2: Ball 3-2: Foul Ball, location: 2F 3-2: Base on Balls
|
Pitching: RHP Xavier Stovall
|
|
Batting: LHB Javier Rubio
|
0-0: Foul Ball, location: 2F 0-1: Ball 1-1: Ground out 5-3 (Groundball, 15, EV 85.0 MPH)
|
Top of the 7th over - 0 runs, 0 hits, 0 errors, 2 left on base; Rome 0 - West Virginia 2 |
BOTTOM OF THE 7TH |
West Virginia Black Bears batting - Pitching for Rome Braves : LHP Justin Hawk
|
Pitching: RHP Jessie Mattei
|
|
Batting: LHB Joe Hoover
|
0-0: Foul Ball, location: 2F 0-1: Ball 1-1: Foul Ball, location: 2F 1-2: Ball 2-2: Foul Ball, location: 2F 2-2: SINGLE (Line Drive, 9S, EV 90.0 MPH)
|
Batting: LHB Gregg Kellerman
|
0-0: Called Strike Joe Hoover steals 2nd base 0-1: Ground out 4-3 (Groundball, 4M, EV 97.5 MPH) Joe Hoover to third
|
Batting: RHB Jose Almonte
|
0-0: Intentional Walk
|
Batting: RHB Zach Chmieleski
|
0-0: Called Strike 0-1: Ball 1-1: Ball 2-1: Ball 3-1: Base on Balls Jose Almonte to second
|
Batting: LHB Brandon Sarni
|
0-0: Ball 1-0: Ball 2-0: Foul Ball, location: 2F 2-1: Ball 3-1: Base on Balls Joe Hoover scores Jose Almonte to third Zach Chmieleski to second
|
Pitching: RHP Gordon Cushing
|
|
Batting: RHB Freddy Quintero
|
0-0: Ball 1-0: DOUBLE (Line Drive, 9LS, EV 115.0 MPH) Jose Almonte scores Zach Chmieleski scores Brandon Sarni to third
|
Batting: SHB Mike Corley
|
0-0: Called Strike 0-1: Foul Ball, location: 2F 0-2: Strikes out swinging
|
Batting: RHB Richard Barrios
|
0-0: Called Strike 0-1: Foul Ball, location: 2F 0-2: Strikes out swinging
|
Bottom of the 7th over - 3 runs, 2 hits, 0 errors, 2 left on base; Rome 0 - West Virginia 5 |
TOP OF THE 8TH |
Rome Braves batting - Pitching for West Virginia Black Bears : RHP Xavier Stovall
|
Batting: SHB Jordan Barragan
|
0-0: Called Strike 0-1: Called Strike 0-2: Strikes out swinging
|
Batting: RHB Andy Cunningham
|
0-0: Called Strike 0-1: Foul Ball, location: 2F 0-2: Foul Ball, location: 2F 0-2: Foul Ball, location: 2F 0-2: Foul Ball, location: 2F 0-2: Ball 1-2: Foul Ball, location: 2F 1-2: Foul Ball, location: 2F 1-2: Ball 2-2: Foul Ball, location: 2F 2-2: Ball 3-2: Foul Ball, location: 2F 3-2: Foul Ball, location: 2F 3-2: Base on Balls
|
Pitching: RHP Steve Kane
|
|
Batting: LHB Malik Boulay
|
0-0: Fielders Choice at 2nd, 4-6 (Groundball, 4, EV 100.6 MPH)
|
Batting: LHB Robby Dann
|
0-0: Foul Ball, location: 2F 0-1: Ball 1-1: 2-RUN HOME RUN (Flyball, 9D, EV 96.9 MPH), Distance : 381 ft
|
Batting: LHB Joe Phillips
|
0-0: Called Strike 0-1: Ball 1-1: Foul Ball, location: 2F 1-2: Ball 2-2: Foul Ball, location: 2F 2-2: Ball 3-2: Base on Balls
|
Batting: RHB Hisayuki Akiyama
|
0-0: Called Strike 0-1: Ball 1-1: Ball 2-1: Ball 3-1: Foul Ball, location: 2F 3-2: Base on Balls Joe Phillips to second
|
Batting: RHB Jose Ramos
|
0-0: Fielders Choice at 2nd, 5-4 (Groundball, 56, EV 98.1 MPH)
|
Top of the 8th over - 2 runs, 1 hit, 0 errors, 2 left on base; Rome 2 - West Virginia 5 |
BOTTOM OF THE 8TH |
West Virginia Black Bears batting - Pitching for Rome Braves : RHP Gordon Cushing
|
Pitching: RHP Seriozha Darzinsh
|
|
Batting: RHB Rick Pittman
|
0-0: Ball 1-0: SINGLE (Flyball, 8LS, EV 90.0 MPH)
|
Batting: LHB Joe Hoover
|
0-0: Bunt missed! 0-1: Sac Bunt to 15S - play at first, batter OUT! 1-4 Rick Pittman to second
|
Batting: LHB Gregg Kellerman
|
0-0: SINGLE (Groundball, 4MD, EV 111.2 MPH) Rick Pittman to third
|
Batting: RHB Jose Almonte
|
0-0: Ball 1-0: Ball 2-0: Ball 3-0: Called Strike 3-1: Base on Balls Gregg Kellerman to second
|
Batting: RHB Zach Chmieleski
|
0-0: Called Strike 0-1: Foul Ball, location: 2F 0-2: Ball 1-2: SINGLE (Line Drive, 9LS, EV 97.5 MPH) Rick Pittman scores Gregg Kellerman to third Jose Almonte to second
|
Batting: LHB Brandon Sarni
|
0-0: Foul Ball, location: 2F 0-1: DOUBLE (Line Drive, 7LM, EV 105.0 MPH) Gregg Kellerman scores Jose Almonte scores Zach Chmieleski to third
|
Pitching: RHP Marvin Rosas
|
|
Batting: RHB Freddy Quintero
|
0-0: Called Strike 0-1: Foul Ball, location: 2F 0-2: Strikes out swinging
|
Batting: SHB Mike Corley
|
0-0: Ball 1-0: Ball 2-0: Ball 3-0: Called Strike 3-1: Foul Ball, location: 2F 3-2: Strikes out swinging
|
Bottom of the 8th over - 3 runs, 4 hits, 0 errors, 2 left on base; Rome 2 - West Virginia 8 |
TOP OF THE 9TH |
Rome Braves batting - Pitching for West Virginia Black Bears : RHP Steve Kane
|
Batting: LHB Mike Tenorio
|
0-0: Ball 1-0: Called Strike 1-1: Foul Ball, location: 2F 1-2: Ball 2-2: Foul Ball, location: 2F 2-2: Strikes out swinging
|
Batting: LHB Javier Rubio
|
0-0: Foul Ball, location: 2F 0-1: Swinging Strike 0-2: Hit by Pitch
|
Batting: SHB Jordan Barragan
|
0-0: Ball 1-0: Called Strike 1-1: Called Strike 1-2: Strikes out looking
|
Batting: RHB Andy Cunningham
|
0-0: Ball 1-0: Foul Ball, location: 2F 1-1: Ball 2-1: SINGLE (Groundball, 5S, EV 69.4 MPH) (infield hit) Javier Rubio to second
|
Batting: LHB Malik Boulay
|
0-0: Ball 1-0: Called Strike 1-1: Called Strike 1-2: Fly out, F7 (Flyball, 78S, EV 83.1 MPH)
|
Top of the 9th over - 0 runs, 1 hit, 0 errors, 2 left on base; Rome 2 - West Virginia 8 |
|